Map: [EWC] Alcyone

Players

ByuN

  • Race: Terran Terran
  • Spawn Location: 7:00

Spirit - Winner!

  • Race: Terran Terran
  • Spawn Location: 1:00

Event: Esports World Cup 2024

VOD

Have the link to the VOD?

Description

Time

  • Played on: Aug. 15, 2024, 5:09 a.m.
  • Length: 3:50

All games in this series

Show
View Real Time Build Order
Export as new Build Order

ByuN Terran 

Build Orders:  

Get SALT Encoding   

  12  0:00  SCV  
  13  0:12  SCV  
  14  0:17  Supply Depot  
  14  0:24  SCV  
  15  0:38  SCV  
  15  0:40  Barracks  
  16  0:44  Refinery  
  16  0:56  Barracks  
  16  1:00  SCV  
  17  1:08  Refinery  
  17  1:12  SCV  
  18  1:27  Reaper  
  18  1:28  Orbital Command  
  19  1:41  Supply Depot  
  19  1:43  Reaper  
  20  1:54  SCV  
  20  1:59  Reaper  
  22  2:06  SCV  
  23  2:15  Reaper  
  23  2:16  Factory  
  23  2:18  SCV  
  25  2:31  Reaper  
  24  2:39  SCV  
  24  2:47  Marine  
  24  2:51  SCV  
  23  3:03  SCV, Marine  
  22  3:12  Marine  
  21  3:15  SCV  
  20  3:22  Marine  
  19  3:27  SCV  
  19  3:30  Marine  
Show
View Real Time Build Order
Export as new Build Order

Spirit Terran - Winner!

Build Orders:  

Get SALT Encoding   

  12  0:00  SCV  
  13  0:12  SCV  
  14  0:18  Supply Depot  
  14  0:24  SCV  
  15  0:42  Barracks  
  15  0:44  Refinery  
  15  0:56  Barracks  
  15  1:00  SCV  
  16  1:12  SCV  
  17  1:28  Reaper  
  17  1:29  Orbital Command  
  18  1:32  Refinery  
  18  1:47  Reaper  
  19  1:55  SCV  
  20  2:03  Supply Depot, Reaper  
  20  2:07  SCV  
  22  2:19  Reaper  
  23  2:25  SCV  
  23  2:32  Factory  
  21  2:37  SCV  
  22  2:46  Reaper  
  22  2:49  SCV  
  25  3:01  SCV  
  23  3:26  SCV  
  22  3:38  SCV  
Tags
 
Add a new tag
Caveats
  • Supply blocks, unpowered buildings, or Contaminate may cause inaccurate times.
  • Supply counts are checked every 10 seconds.